 Dungeon Crawl Stone Soup version 0.18-a0-1408-g69e564c (webtiles) character file.

144 Bzzzz the Digger (level 5, -2/28 HPs)
             Began as a Gargoyle Earth Elementalist on Feb 25, 2016.
             Killed by divine providence
             ... invoked by an orc priest
              (13 damage)
             ... on level 3 of the Dungeon.
             The game lasted 00:09:20 (2472 turns).

Bzzzz the Digger (Gargoyle Earth Elementalist)      Turns: 2472, Time: 00:09:20

Health: -2/28      AC:  7    Str: 12    XL:     5   Next: 26%
Magic:  3/10       EV: 12    Int: 16    God:
Gold:   142        SH:  0    Dex: 10    Spells: 3 memorised, 2 levels left

rFire  . . .     SeeInvis .     b - 18 stones
rCold  . . .     Gourm    .     a - +0 robe
rNeg   + . .     Faith    .     (no shield)
rPois  ∞         Spirit   .     (no helmet)
rElec  +         Dismiss  .     (no cloak)
rCorr  .         Reflect  .     (no gloves)
SustAt .         Harm     .     i - +0 pair of boots
MR     .....                    (no amulet)
Stlth  ++........               (no ring)
                                (no ring)

@: very slightly contaminated, not resistant to hostile enchantments, unstealthy
A: negative energy resistance 1, electricity resistance, unbreathing,
petrification resistance, rot immunity, AC +4
a: no special abilities


You were on level 3 of the Dungeon.
You were not hungry.

You visited 1 branch of the dungeon, and saw 3 of its levels.

You collected 142 gold pieces.

Inventory:

Hand Weapons
 g - a +0 dagger
 h - a +1 whip of freezing
Missiles
 b - 18 stones (in hand)
 r - a throwing net
Armour
 a - a +0 robe (worn)
 i - a +0 pair of boots (worn)
Scrolls
 e - 2 scrolls of teleportation
 k - a scroll of remove curse
Potions
 f - a potion of curing
 l - a potion of flight
 n - a potion of lignification {unknown}
 o - a potion of cancellation {unknown}
Books
 c - a book of Geomancy

   Spells                             Type                      Level
   a - Sandblast                      Earth                        1
   b - Passwall                       Transmutation/Earth          2
   c - Stone Arrow                    Conjuration/Earth            3
   d - Petrify                        Transmutation/Earth          4
   e - Lee's Rapid Deconstruction     Earth                        5
Comestibles
 d - a bread ration
 j - a meat ration
 m - 14 chunks of flesh
 p - a slice of pizza
 s - a beef jerky


   Skills:
 - Level 1.5 Dodging
 - Level 2.1 Stealth
 * Level 3.7 Spellcasting
 + Level 2.0 Conjurations
   Level 0.7 Transmutations
 + Level 4.8 Earth Magic


You had 2 spell levels left.
You knew the following spells:

 Your Spells              Type           Power        Failure   Level  Hunger
a - Sandblast             Erth           ###...       2%          1    None
b - Stone Arrow           Conj/Erth      ##....       14%         3    ###....
c - Lee's Rapid Deconstr  Erth           ###.......   75%         5    ######.


Dungeon Overview and Level Annotations

Branches:
Dungeon (3/15)

Altars:
Cheibriados
Makhleb
Qazlal
Sif Muna
Trog
The Shining One


Innate Abilities, Weirdness & Mutations

You are resistant to torment.
Your stone body is resilient (AC +4).
You are immune to poison.
You resist negative energy.
You are resistant to electric shocks.
You can survive without breathing.
You are immune to petrification.
You are immune to rotting.


Message History

Confirm with . or Enter, or press ? or * to list all spells.
Aiming: Sandblast
Press: ? - help, Shift-Dir - straight line, f/p - orc priest
Aim: an orc priest, wielding a flail and wearing a leather armour (lightly wounded)
You miscast Sandblast.
You are very lightly contaminated with residual magic.
Sand pours from your hands. The hobgoblin barely misses you.
The orc priest hits you but does no damage.
The orc barely misses you. The orc closely misses you.
The goblin hits you but does no damage.
Casting: Sandblast
Confirm with . or Enter, or press ? or * to list all spells.
Aiming: Sandblast
Press: ? - help, Shift-Dir - straight line, f/p - orc priest
Aim: an orc priest, wielding a flail and wearing a leather armour (lightly wounded)
The rocky blast misses the orc priest.
The orc barely misses you. The hobgoblin hits you with a club.
The orc closely misses you.
The orc priest calls down the wrath of Beogh upon you.
Beogh smites you!
You die...

#############....g#
#...........#.?...#
#...........#.....#
#...........#.....#
#...........#.....#
#...........#.....#
#...........#o....#
#...........goo...+
#...........#@gg..#
#...........#oo...#
#....>......+........
#...........#########
#...........#
#####.......#
########.#############
.......#...#.........#
.......###.#.........#


You could see an orc priest, 4 orcs, 2 hobgoblins and a goblin.

Vanquished Creatures
  Jessica (D:2)
  6 adders
  3 worms (D:2)
  2 dart slugs
  8 bats
  2 giant cockroaches
  2 goblins
  6 hobgoblins
  4 jackals
  A quokka (D:3)
  6 giant newts
  6 kobolds
  9 rats
56 creatures vanquished.

Notes
Turn   | Place    | Note
--------------------------------------------------------------
     0 | D:1      | Bzzzz the Gargoyle Earth Elementalist began the quest for the Orb.
     0 | D:1      | Reached XP level 1. HP: 10/10 MP: 3/3
   111 | D:1      | Reached XP level 2. HP: 13/15 MP: 1/5
   272 | D:1      | Reached skill level 4 in Earth Magic
   960 | D:1      | Reached XP level 3. HP: 19/19 MP: 7/7
   965 | D:1      | Learned a level 3 spell: Stone Arrow
  1539 | D:2      | Noticed Jessica
  1549 | D:2      | Killed Jessica
  1549 | D:2      | Reached skill level 1 in Conjurations
  1549 | D:2      | Reached XP level 4. HP: 24/24 MP: 3/9
  1779 | D:2      | Found a bloodstained altar of Trog.
  1859 | D:2      | Found a stormy altar of Qazlal.
  1869 | D:2      | Found a glowing golden altar of the Shining One.
  1869 | D:2      | Found a deep blue altar of Sif Muna.
  1869 | D:2      | Found a burning altar of Makhleb.
  1872 | D:2      | Found a snail-covered altar of Cheibriados.
  2094 | D:2      | Reached XP level 5. HP: 23/28 MP: 6/10
  2101 | D:2      | Learned a level 5 spell: Lee's Rapid Deconstruction
  2472 | D:3      | Killed from afar by an orc priest

Vault maps used:
D:1:      dpeg_arrival_houses_and_road
D:2:      bloody_trog, minitemple, uniq_jessica

Skill      XL: |  1  2  3  4 |
---------------+-------------+-----
Earth Magic    | 4 |  4.8
Spellcasting   | 3 |  3.7
Conjurations   | 1 2 |  2.0
Dodging        | |  1.5
Stealth        | |  2.1
Transmutations | |  0.7

Action                   |  1- 3 |  4- 6 || total
-------------------------+-------+-------++-------
Melee: Dagger            |    45 |    53 ||    98
       Whip              |    45 |       ||    45
 Cast: Sandblast         |    24 |    34 ||    58
  Use: Scroll            |     3 |     6 ||     9
 Stab: Sleeping          |     2 |       ||     2
  Eat: Chunk             |     2 |     3 ||     5
